TOP OF THE 1ST |
Virginia Cavaliers batting - Pitching for Iowa Hawkeyes : RHP Denny Griffin
|
Pitching: RHP Denny Griffin
|
|
Batting: SHB Walton Locke
|
0-0: Foul Ball, location: 2F 0-1: Ball 1-1: Ball 2-1: Ball 3-1: Base on Balls
|
Batting: LHB Pablo Espinoza
|
0-0: Ball Pickoff Throw to First - Out! 1-0: Ground out 2-3 (Groundball, 2L)
|
Batting: LHB Gabriel Aragón
|
0-0: Ball 1-0: Called Strike 1-1: Fly out, F7 (Flyball, 7M)
|
Top of the 1st over - 0 run(s), 0 hit(s), 0 error(s), 0 left on base; Virginia 0 - Iowa 0 |
BOTTOM OF THE 1ST |
Iowa Hawkeyes batting - Pitching for Virginia Cavaliers : RHP Howard Reynolds
|
Pitching: RHP Howard Reynolds
|
|
Batting: SHB Travis Martin
|
0-0: Ball 1-0: Called Strike 1-1: Ball 2-1: Ball 3-1: Foul Ball, location: 2F 3-2: Foul Ball, location: 2F 3-2: Foul Ball, location: 2F 3-2: Base on Balls
|
Batting: RHB Daryl Hale
|
0-0: Foul Ball, location: 2F 0-1: Called Strike 0-2: DOUBLE (Line Drive, 78M) Travis Martin to third Runner from 3rd tries for Home, SAFE, no throw or cutoff
|
Batting: RHB Tad Greene
|
0-0: 2-RUN HOME RUN (Flyball, 89XD), Distance : 391 ft
|
Batting: RHB Vaughan Shelton
|
0-0: Ball 1-0: Ball 2-0: Foul Ball, location: 2F 2-1: Swinging Strike 2-2: Ball 3-2: Base on Balls
|
Batting: RHB Juan Escalante
|
0-0: Foul Ball, location: 2F 0-1: Swinging Strike 0-2: Strikes out swinging
|
Batting: RHB Cory Thompson
|
0-0: Called Strike 0-1: Ball 1-1: Foul Ball, location: 2F 1-2: Strikes out swinging
|
Batting: RHB Vincent Powers
|
0-0: Foul Ball, location: 2F 0-1: Ground out 1-3 (Groundball, 15)
|
Bottom of the 1st over - 3 run(s), 2 hit(s), 0 error(s), 1 left on base; Virginia 0 - Iowa 3 |
TOP OF THE 2ND |
Virginia Cavaliers batting - Pitching for Iowa Hawkeyes : RHP Denny Griffin
|
Batting: RHB Curt Owens
|
0-0: Called Strike 0-1: Foul Ball, location: 2F 0-2: Strikes out swinging
|
Batting: LHB Jerry Tolbert
|
0-0: Ball 1-0: Swinging Strike 1-1: Swinging Strike 1-2: Foul Ball, location: 2F 1-2: Ball 2-2: Ball 3-2: Strikes out looking
|
Batting: RHB Mark Whiffen
|
0-0: Ball 1-0: Swinging Strike 1-1: Called Strike 1-2: Ball 2-2: Ground out U3 (Groundball, 3)
|
Top of the 2nd over - 0 run(s), 0 hit(s), 0 error(s), 0 left on base; Virginia 0 - Iowa 3 |
BOTTOM OF THE 2ND |
Iowa Hawkeyes batting - Pitching for Virginia Cavaliers : RHP Howard Reynolds
|
Batting: RHB John Boyer
|
0-0: Ball 1-0: Ball 2-0: Fly out, F9 (Flyball, 9S)
|
Batting: RHB Ed Nygaard
|
0-0: Ball 1-0: Fly out, F9 (Flyball, 9LSF)
|
Batting: SHB Travis Martin
|
0-0: Ball 1-0: Foul Ball, location: 2F 1-1: Ball 2-1: Foul Ball, location: 2F 2-2: Ground out 4-3 (Groundball, 4)
|
Bottom of the 2nd over - 0 run(s), 0 hit(s), 0 error(s), 0 left on base; Virginia 0 - Iowa 3 |
TOP OF THE 3RD |
Virginia Cavaliers batting - Pitching for Iowa Hawkeyes : RHP Denny Griffin
|
Batting: RHB Jonathan Reynolds
|
0-0: Ball 1-0: Foul Ball, location: 2F 1-1: Fly out, F8 (Flyball, 8RXD)
|
Batting: RHB David Rodríguez
|
0-0: Ball 1-0: Called Strike 1-1: Called Strike 1-2: Strikes out looking
|
Batting: RHB Bruce Kefer
|
0-0: Ball 1-0: DOUBLE (Flyball, 8LM)
|
Batting: SHB Walton Locke
|
0-0: SINGLE (Groundball, 5D) Bruce Kefer to third Runner from 3rd tries for Home, SAFE, no throw or cutoff
|
Batting: LHB Pablo Espinoza
|
0-0: Fielders Choice at 2nd, U6 (Groundball, 6M)
|
Top of the 3rd over - 1 run(s), 2 hit(s), 0 error(s), 1 left on base; Virginia 1 - Iowa 3 |
BOTTOM OF THE 3RD |
Iowa Hawkeyes batting - Pitching for Virginia Cavaliers : RHP Howard Reynolds
|
Batting: RHB Daryl Hale
|
0-0: Ball 1-0: Ball 2-0: Foul Ball, location: 2F 2-1: Ball 3-1: Reached on Error, E6 (Popup, 5D)
|
Batting: RHB Tad Greene
|
0-0: Ground out U3 (Groundball, 3S) Daryl Hale to second
|
Batting: RHB Vaughan Shelton
|
0-0: Called Strike 0-1: Ball 1-1: Ball 2-1: Ball 3-1: Base on Balls
|
Batting: RHB Juan Escalante
|
0-0: Foul Ball, location: 2F 0-1: Ball 1-1: Foul Ball, location: 2F 1-2: Hit by Pitch Daryl Hale to third Vaughan Shelton to second
|
Batting: RHB Cory Thompson
|
0-0: Ball 1-0: Foul Ball, location: 2F 1-1: Fly out, F8 (Flyball, 8RXD) Runner from 3rd tags up, SCORES, no throw
|
Batting: RHB Vincent Powers
|
0-0: Ball 1-0: Ball 2-0: Swinging Strike 2-1: Ball 3-1: Called Strike 3-2: Foul Ball, location: 2F 3-2: Foul Ball, location: 2F 3-2: Foul Ball, location: 2F 3-2: SINGLE (Line Drive, 4MD) Vaughan Shelton to third Juan Escalante to second Vaughan Shelton scores Juan Escalante to third
|
Batting: RHB John Boyer
|
0-0: Foul Ball, location: 2F 0-1: Swinging Strike 0-2: Strikes out swinging
|
Bottom of the 3rd over - 2 run(s), 1 hit(s), 1 error(s), 2 left on base; Virginia 1 - Iowa 5 |
TOP OF THE 4TH |
Virginia Cavaliers batting - Pitching for Iowa Hawkeyes : RHP Denny Griffin
|
Batting: LHB Gabriel Aragón
|
0-0: Ball 1-0: Called Strike 1-1: Called Strike 1-2: Foul Ball, location: 2F 1-2: Fly out, F4 (Line Drive, 4)
|
Batting: RHB Curt Owens
|
0-0: SOLO HOME RUN (Line Drive, 7D), Distance : 358 ft
|
Batting: LHB Jerry Tolbert
|
0-0: Ball 1-0: Foul Ball, location: 2F 1-1: SINGLE (Groundball, 4MD)
|
Batting: RHB Mark Whiffen
|
0-0: Ball 1-0: Ball 2-0: Ball 3-0: Base on Balls Jerry Tolbert to second
|
Batting: RHB Jonathan Reynolds
|
0-0: Called Strike Jerry Tolbert steals 3rd base Mark Whiffen to second 0-1: Ground out 5-3 (Groundball, 15S) Jerry Tolbert scores Mark Whiffen to third
|
Batting: RHB David Rodríguez
|
0-0: Called Strike 0-1: Foul Ball, location: 2F 0-2: Foul Ball, location: 2F 0-2: Foul Ball, location: 2F 0-2: Ground out 5-3 (Groundball, 5)
|
Top of the 4th over - 2 run(s), 2 hit(s), 0 error(s), 1 left on base; Virginia 3 - Iowa 5 |
BOTTOM OF THE 4TH |
Iowa Hawkeyes batting - Pitching for Virginia Cavaliers : RHP Howard Reynolds
|
Batting: RHB Ed Nygaard
|
0-0: Ball 1-0: Ball 2-0: Ball 3-0: Base on Balls
|
Batting: SHB Travis Martin
|
0-0: Ball 1-0: Ball 2-0: Fly out, F7 (Popup, 8LS)
|
Batting: RHB Daryl Hale
|
0-0: Ball 1-0: Ball 2-0: Ball 3-0: Base on Balls Ed Nygaard to second
|
Batting: RHB Tad Greene
|
0-0: Foul Ball, location: 2F 0-1: Swinging Strike 0-2: Strikes out swinging
|
Pitching: RHP Cameron Waddell
|
|
Batting: RHB Vaughan Shelton
|
0-0: Ball 1-0: Swinging Strike 1-1: Ball 2-1: Swinging Strike 2-2: Strikes out looking
|
Bottom of the 4th over - 0 run(s), 0 hit(s), 0 error(s), 2 left on base; Virginia 3 - Iowa 5 |
TOP OF THE 5TH |
Virginia Cavaliers batting - Pitching for Iowa Hawkeyes : RHP Denny Griffin
|
Batting: RHB Bruce Kefer
|
0-0: Ball 1-0: Ball 2-0: Ball 3-0: Foul Ball, location: 2F 3-1: Base on Balls
|
Batting: SHB Walton Locke
|
0-0: Fielders Choice at 2nd, 6-4 (Groundball, 6M)
|
Batting: LHB Pablo Espinoza
|
0-0: Ball 1-0: Called Strike 1-1: Foul Ball, location: 2F 1-2: Hit by Pitch Walton Locke to second
|
Batting: LHB Gabriel Aragón
|
0-0: Grounds into double play, 4-6-3 (Groundball, 4)
|
Top of the 5th over - 0 run(s), 0 hit(s), 0 error(s), 1 left on base; Virginia 3 - Iowa 5 |
BOTTOM OF THE 5TH |
Iowa Hawkeyes batting - Pitching for Virginia Cavaliers : RHP Cameron Waddell
|
Batting: RHB Juan Escalante
|
0-0: Ball 1-0: Ground out 5-3 (Groundball, 5S)
|
Batting: RHB Cory Thompson
|
0-0: Foul Ball, location: 2F 0-1: Ball 1-1: Ball 2-1: Called Strike 2-2: Strikes out swinging
|
Batting: RHB Vincent Powers
|
0-0: Called Strike 0-1: Ball 1-1: Foul Ball, location: 2F 1-2: Foul Ball, location: 2F 1-2: Ball 2-2: Ball 3-2: Base on Balls
|
Batting: RHB John Boyer
|
0-0: Ball Vincent Powers steals 2nd base 1-0: Foul Ball, location: 2F 1-1: Ball 2-1: Ball 3-1: Called Strike 3-2: Foul Ball, location: 2F 3-2: Base on Balls
|
Batting: RHB Ed Nygaard
|
0-0: SINGLE (Line Drive, 9LM) Vincent Powers to third John Boyer to second Runner from 3rd tries for Home, SAFE, no throw or cutoff
|
Batting: SHB Travis Martin
|
0-0: Ball Single, Error in OF, E8, batter to second base John Boyer scores Ed Nygaard to third
|
Batting: RHB Daryl Hale
|
0-0: Ball 1-0: Ball 2-0: Ground out 6-3 (Groundball, 6)
|
Bottom of the 5th over - 2 run(s), 2 hit(s), 1 error(s), 2 left on base; Virginia 3 - Iowa 7 |
TOP OF THE 6TH |
Virginia Cavaliers batting - Pitching for Iowa Hawkeyes : RHP Denny Griffin
|
Batting: RHB Curt Owens
|
0-0: Ball 1-0: Foul Ball, location: 2F 1-1: Foul Ball, location: 2F 1-2: Ball 2-2: SINGLE (Line Drive, 56D)
|
Batting: LHB Jerry Tolbert
|
0-0: Called Strike 0-1: Foul Ball, location: 2F 0-2: Ball 1-2: Strikes out swinging
|
Batting: RHB Mark Whiffen
|
0-0: Ball 1-0: Called Strike 1-1: Swinging Strike 1-2: Ball 2-2: Ball 3-2: Base on Balls Curt Owens to second
|
Pitching: LHP Leonardo Canó
|
|
Batting: RHB Jonathan Reynolds
|
0-0: SINGLE (Line Drive, 4D) Curt Owens to third Mark Whiffen to second
|
Batting: RHB David Rodríguez
|
0-0: Ball 1-0: Called Strike 1-1: Foul Ball, location: 2F 1-2: Fly out, F8 (Flyball, 8RM) Runner from 3rd tags up, SCORES, throw made
|
Batting: RHB Bruce Kefer
|
0-0: Ground out 6-3 (Groundball, 6)
|
Top of the 6th over - 1 run(s), 2 hit(s), 0 error(s), 2 left on base; Virginia 4 - Iowa 7 |
BOTTOM OF THE 6TH |
Iowa Hawkeyes batting - Pitching for Virginia Cavaliers : RHP Cameron Waddell
|
Batting: RHB Tad Greene
|
0-0: Ball 1-0: Ball 2-0: Ball 3-0: Base on Balls
|
Batting: RHB Vaughan Shelton
|
0-0: Foul Ball, location: 2F 0-1: Ball 1-1: Called Strike 1-2: Strikes out looking
|
Batting: RHB Juan Escalante
|
0-0: Called Strike 0-1: Ball 1-1: Ball 2-1: Foul Ball, location: 2F 2-2: DOUBLE (Flyball, 7M) Tad Greene to third Runner from 3rd tries for Home, SAFE, throw made home
|
Batting: RHB Cory Thompson
|
0-0: Fly out, F7 (Flyball, 7M)
|
Batting: RHB Vincent Powers
|
0-0: Fly out, F7 (Flyball, 78M)
|
Bottom of the 6th over - 1 run(s), 1 hit(s), 0 error(s), 1 left on base; Virginia 4 - Iowa 8 |
TOP OF THE 7TH |
Virginia Cavaliers batting - Pitching for Iowa Hawkeyes : LHP Leonardo Canó
|
Batting: SHB Walton Locke
|
0-0: Ground out 5-3 (Groundball, 5)
|
Batting: LHB Pablo Espinoza
|
0-0: Ball 1-0: Called Strike 1-1: Fly out, F6 (Popup, 6M)
|
Batting: LHB Gabriel Aragón
|
0-0: Foul Ball, location: 2F 0-1: Fly out, F9 (Flyball, 89D)
|
Top of the 7th over - 0 run(s), 0 hit(s), 0 error(s), 0 left on base; Virginia 4 - Iowa 8 |
BOTTOM OF THE 7TH |
Iowa Hawkeyes batting - Pitching for Virginia Cavaliers : RHP Cameron Waddell
|
Pitching: LHP Bill Martin
|
|
Batting: RHB John Boyer
|
0-0: Called Strike 0-1: Ball 1-1: Fly out, F4 (Popup, 34D)
|
Batting: RHB Ed Nygaard
|
0-0: Ball 1-0: Called Strike 1-1: Ball 2-1: SINGLE (Line Drive, 8RS)
|
Batting: SHB Travis Martin
|
0-0: Called Strike 0-1: Foul Ball, location: 2F 0-2: Ball 1-2: Foul Ball, location: 2F 1-2: Strikes out swinging
|
Batting: RHB Daryl Hale
|
0-0: Fly out, F7 (Flyball, 78M)
|
Bottom of the 7th over - 0 run(s), 1 hit(s), 0 error(s), 1 left on base; Virginia 4 - Iowa 8 |
TOP OF THE 8TH |
Virginia Cavaliers batting - Pitching for Iowa Hawkeyes : LHP Leonardo Canó
|
Batting: RHB Curt Owens
|
0-0: Called Strike 0-1: Swinging Strike 0-2: Ball 1-2: Ball 2-2: SINGLE (Line Drive, 4D)
|
Batting: LHB Jerry Tolbert
|
0-0: Foul Ball, location: 2F 0-1: Ball 1-1: Foul Ball, location: 2F 1-2: Ball 2-2: 2-RUN HOME RUN (Flyball, 7LD), Distance : 314 ft
|
Batting: RHB Mark Whiffen
|
0-0: Ball 1-0: Ball 2-0: Swinging Strike 2-1: Swinging Strike 2-2: Strikes out swinging
|
Pitching: LHP Peter Connolly
|
|
Batting: RHB Jonathan Reynolds
|
0-0: Ball 1-0: SINGLE (Line Drive, 4MD)
|
Pitching: LHP Al Atkins
|
|
Batting: RHB David Rodríguez
|
0-0: Called Strike 0-1: Ball 1-1: Ball 2-1: Ball 3-1: Base on Balls Jonathan Reynolds to second
|
Pitching: RHP Tom Wilson
|
|
Pinch Hitting: RHB Pat McDonald
|
0-0: Called Strike 0-1: Foul Ball, location: 2F 0-2: Ball 1-2: Ball 2-2: Ball 3-2: Grounds into double play, 6-4-3 (Groundball, 6M)
|
Top of the 8th over - 2 run(s), 3 hit(s), 0 error(s), 1 left on base; Virginia 6 - Iowa 8 |
BOTTOM OF THE 8TH |
Iowa Hawkeyes batting - Pitching for Virginia Cavaliers : LHP Bill Martin
|
Now at 1B: Eric Barthorpe
|
|
Batting: RHB Tad Greene
|
0-0: Ball 1-0: Called Strike 1-1: SINGLE (Line Drive, 6D)
|
Batting: RHB Vaughan Shelton
|
0-0: Ball 1-0: Called Strike 1-1: Ball 2-1: Swinging Strike 2-2: Ball 3-2: Strikes out looking
|
Batting: RHB Juan Escalante
|
0-0: Ball 1-0: Ball 2-0: Called Strike 2-1: Foul Ball, location: 2F 2-2: Strikes out swinging
|
Batting: RHB Cory Thompson
|
0-0: Ball 1-0: Ball 2-0: Ball 3-0: Base on Balls Tad Greene to second
|
Batting: RHB Vincent Powers
|
0-0: Ground out 6-3 (Groundball, 6)
|
Bottom of the 8th over - 0 run(s), 1 hit(s), 0 error(s), 2 left on base; Virginia 6 - Iowa 8 |
TOP OF THE 9TH |
Virginia Cavaliers batting - Pitching for Iowa Hawkeyes : RHP Tom Wilson
|
Pitching: RHP Roberto Solís
|
|
Batting: SHB Walton Locke
|
0-0: Ball 1-0: Called Strike 1-1: Ball 2-1: Foul Ball, location: 2F 2-2: Strikes out looking
|
Batting: LHB Pablo Espinoza
|
0-0: Called Strike 0-1: Ball 1-1: Fly out, F2 (Popup, 2LF)
|
Batting: LHB Gabriel Aragón
|
0-0: Ball 1-0: Ball 2-0: Ball 3-0: Base on Balls
|
Batting: RHB Curt Owens
|
0-0: Ball 1-0: Ball 2-0: Called Strike 2-1: SINGLE (Line Drive, 78S) Gabriel Aragón to second
|
Batting: LHB Jerry Tolbert
|
0-0: Ball 1-0: Fly out, F8 (Line Drive, 8RM)
|
Top of the 9th over - 0 run(s), 1 hit(s), 0 error(s), 2 left on base; Virginia 6 - Iowa 8 |
|